Map: Kairos Junction LE

Players

Zest

  • Race: Protoss Protoss
  • Spawn Location: 11:00

SpeCial - Winner!

  • Race: Terran Terran
  • Spawn Location: 5:00

Event: IEM Season 13: Katowice (2019)

VOD

Have the link to the VOD?

Description

Time

  • Played on: Feb. 28, 2019, 8:12 a.m.
  • Length: 9:13

All games in this series

Show
View Real Time Build Order
Export as new Build Order

Zest Protoss 

Build Orders:  

Get SALT Encoding   

  12  0:00  Probe  
  13  0:12  Probe  
  14  0:18  Pylon  
  14  0:24  Probe  
  15  0:32  Probe  
  15  0:37  Gateway  
  15  0:40  Probe  
  16  0:46  Assimilator  
  17  0:51  Probe  
  18  1:03  Probe  
  19  1:15  Probe  
  20  1:24  Cybernetics Core  
  20  1:32  Zealot  
  22  1:33  Pylon  
  22  1:43  Probe  
  23  1:50  Stalker  
  23  1:55  Probe  
  18  2:01  Warp Gate  
  26  2:07  Probe  
  27  2:20  Probe  
  27  2:21  Stalker  
  27  2:32  Nexus, Probe  
  28  2:40  Probe  
  29  2:55  Gateway  
  29  2:56  Gateway  
  29  3:03  Stalker  
  31  3:13  Pylon  
  31  3:17  Assimilator  
  31  3:31  Probe  
  32  3:43  Probe  
  32  3:44  Probe  
  34  3:51  Stalker x3  
  34  3:55  Probe  
  41  3:57  Probe  
  42  4:04  Robotics Facility  
  42  4:07  Probe  
  42  4:09  Probe  
  44  4:31  Probe x2, Stalker x3  
  52  4:39  Probe x2  
  52  4:42  Pylon  
  54  4:47  Probe  
  54  4:48  Probe  
  54  4:57  Warp Prism  
  54  5:03  Probe x2  
  54  5:10  Twilight Council  
  54  5:15  Probe x2  
  54  5:18  Assimilator  
  54  5:20  Assimilator  
  56  5:27  Stalker x2  
  58  5:29  Stalker  
  60  5:38  Observer  
  61  5:45  Probe  
  61  5:47  Pylon  
  62  5:51  Dark Shrine  
  62  5:57  Immortal  
  62  5:59  Pylon  
  62  6:03  Pylon  
  62  6:05  Probe  
  67  6:14  Charge  
  67  6:22  Probe x2  
  69  6:29  Gateway  
  69  6:30  Gateway  
  69  6:32  Gateway  
  69  6:33  Observer  
  69  6:37  Immortal  
  73  6:57  Probe x2  
  73  6:58  Pylon  
  75  7:02  Shadow Stride  
  75  7:04  Dark Templar x3  
  81  7:10  Immortal  
  81  7:15  Pylon  
  85  7:30  Probe x2  
  83  7:42  Probe x2  
  83  7:43  Shield Battery  
  85  7:45  Shield Battery  
  85  7:54  Immortal  
  89  8:00  Pylon  
  91  8:11  Pylon  
  89  8:18  Pylon  
  89  8:21  Dark Templar x4  
  89  8:22  Dark Templar  
  99  8:30  Pylon  
  99  8:31  Pylon  
  98  8:43  Pylon  
  78  9:03  Dark Templar x3  
  78  9:07  Zealot x3  
Show
View Real Time Build Order
Export as new Build Order

SpeCial Terran - Winner!

Build Orders: Cyclone Opening 

Get SALT Encoding   

  12  0:00  SCV  
  13  0:12  SCV  
  14  0:18  Supply Depot  
  14  0:24  SCV  
  15  0:39  SCV  
  15  0:40  Barracks  
  16  0:45  Refinery  
  16  0:51  SCV  
  16  0:56  Refinery  
  17  1:03  SCV  
  18  1:16  SCV  
  19  1:27  Reaper  
  19  1:28  Orbital Command  
  20  1:39  Bunker  
  20  1:47  Supply Depot  
  20  1:53  Engineering Bay  
  20  1:56  Factory  
  20  2:01  SCV  
  21  2:13  SCV  
  22  2:25  SCV  
  23  2:34  Command Center  
  22  2:37  SCV  
  22  2:41  Factory Tech Lab  
  22  2:42  Starport  
  23  2:49  SCV  
  24  2:59  Cyclone  
  24  3:01  SCV  
  28  3:06  Supply Depot  
  28  3:13  SCV  
  29  3:20  Starport Reactor, Barracks  
  29  3:25  SCV  
  30  3:32  Barracks  
  30  3:33  Siege Tank  
  33  3:37  SCV  
  33  3:38  Marine  
  35  3:46  Orbital Command  
  35  3:50  SCV  
  35  3:53  Liberator  
  36  4:02  SCV  
  37  4:03  Marine  
  37  4:04  Marine  
  37  4:05  Orbital Command  
  37  4:07  Siege Tank  
  42  4:15  Barracks Tech Lab  
  45  4:21  Marine x2  
  45  4:23  SCV  
  47  4:30  SCV  
  48  4:33  Marine x2  
  48  4:35  SCV  
  51  4:39  Supply Depot, Marine x2  
  51  4:41  Orbital Command  
  51  4:42  Combat Shield  
  51  4:45  SCV  
  54  4:49  SCV  
  50  4:55  Medivac  
  51  5:00  Marine x3  
  51  5:06  SCV x2  
  56  5:09  Marine  
  57  5:14  Siege Tank  
  57  5:17  Supply Depot  
  57  5:18  Marine x2  
  62  5:23  Supply Depot  
  62  5:27  Liberator  
  62  5:38  SCV x2, Marine x4  
  62  5:42  Supply Depot  
  68  5:50  Supply Depot  
  68  5:55  SCV  
  68  5:56  Marine x2  
  71  6:00  Siege Tank  
  74  6:06  SCV  
  74  6:07  SCV  
  74  6:10  Marine x2  
  78  6:12  Refinery  
  78  6:13  Supply Depot  
  78  6:17  Engineering Bay  
  79  6:18  SCV  
  79  6:21  Marine  
  79  6:23  Stimpack  
  79  6:25  SCV  
  82  6:27  Marine  
  82  6:29  Supply Depot  
  82  6:30  SCV  
  83  6:37  Factory Reactor, Refinery, SCV  
  84  6:40  Marine x2  
  84  6:41  Starport Reactor  
  84  6:42  SCV  
  84  6:45  Marine  
  84  6:49  SCV  
  84  6:50  Terran Infantry Weapons Level 1  
  84  6:51  Missile Turret  
  83  6:58  Marine, SCV, Supply Depot  
  87  7:07  Marauder x2, Marine  
  90  7:10  Concussive Shells  
  90  7:16  Marine  
  90  7:17  Widow Mine x2  
  90  7:21  Medivac  
  97  7:24  Missile Turret  
  97  7:25  Medivac  
  97  7:27  Marine  
  97  7:29  Marauder  
  102  7:31  Marauder  
  102  7:34  Marine  
  102  7:38  Widow Mine x2  
  106  7:48  Command Center  
  106  7:51  Marauder  
  108  7:57  Medivac x2  
  108  7:58  Missile Turret  
  112  7:59  Widow Mine  
  112  8:02  Widow Mine  
  112  8:05  Marine x2  
  117  8:13  Supply Depot  
  117  8:23  SCV  
  117  8:26  SCV  
  118  8:35  Marauder, Widow Mine, Medivac x2  
  118  8:41  Barracks  
  126  8:43  Barracks  

Tags
 
Add a new tag
Caveats
  • Supply blocks, unpowered buildings, or Contaminate may cause inaccurate times.
  • Supply counts are checked every 10 seconds.